3AA
ASHEVILLE HIGHLANDERS @ BILLINGS POLAR BEARS
08/12/2034
 
TOP OF THE 1ST
Asheville Highlanders batting - Pitching for Billings Polar Bears : RHP Mike Orrsborne
Pitching: RHP Mike Orrsborne
Batting: LHB Govaart Pleijt 0-0: Foul Ball, location: 2F
0-1: Foul Ball, location: 2F
0-2: Ball
1-2: Ball
2-2: Ground out U3 (Groundball, 34)
Batting: RHB Shane Seim 0-0: Ball
1-0: Reached on error, E6 (Groundball, 6M)
Batting: LHB Johnny Carter 0-0: Ground out U3 (Groundball, 34S)
Shane Seim to second
Batting: LHB King Rutledge 0-0: Ball
1-0: Fly out, F8 (Flyball, 8RS)
Top of the 1st over - 0 runs, 0 hits, 1 error, 1 left on base; Asheville 0 - Billings 0
BOTTOM OF THE 1ST
Billings Polar Bears batting - Pitching for Asheville Highlanders : RHP Jacob Petithomme
Pitching: RHP Jacob Petithomme
Batting: RHB Cody Jaeckel 0-0: Called Strike
0-1: Swinging Strike
0-2: Fly out, F5 (Popup, 56)
Batting: LHB Phil MacNamara 0-0: Called Strike
0-1: Called Strike
0-2: Strikes out swinging
Batting: RHB José Ortíz 0-0: Ball
1-0: Ball
2-0: Called Strike
2-1: Swinging Strike
2-2: Fly out, F3 (Popup, 3SF)
Bottom of the 1st over - 0 runs, 0 hits, 0 errors, 0 left on base; Asheville 0 - Billings 0
TOP OF THE 2ND
Asheville Highlanders batting - Pitching for Billings Polar Bears : RHP Mike Orrsborne
Batting: RHB Arnie Taylor 0-0: Ball
1-0: Ball
2-0: Called Strike
2-1: Ball
3-1: Called Strike
3-2: Fly out, F9 (Flyball, 89D)
Batting: LHB DeMarvion Overshown 0-0: Ball
1-0: Ball
2-0: Called Strike
2-1: Ball
3-1: Called Strike
3-2: Base on Balls
Batting: RHB Roberto Flores 0-0: Swinging Strike
0-1: Swinging Strike
0-2: Ball
1-2: Strikes out swinging
Batting: RHB Marcos Martínez 0-0: Called Strike
0-1: Swinging Strike
0-2: SINGLE (Flyball, 9LS)
DeMarvion Overshown to second
Runner from 2nd tries for 3rd, OUT!
Top of the 2nd over - 0 runs, 1 hit, 0 errors, 1 left on base; Asheville 0 - Billings 0
BOTTOM OF THE 2ND
Billings Polar Bears batting - Pitching for Asheville Highlanders : RHP Jacob Petithomme
Batting: RHB Patrick Pupovac 0-0: Called Strike
0-1: Called Strike
0-2: Ball
1-2: Strikes out looking
Batting: RHB Lynwood Dimartínez 0-0: Ball
1-0: Ball
2-0: Fly out, F4 (Popup, 23)
Batting: RHB Luis Pérez 0-0: Ball
1-0: Fly out, F8 (Flyball, 78S)
Bottom of the 2nd over - 0 runs, 0 hits, 0 errors, 0 left on base; Asheville 0 - Billings 0
TOP OF THE 3RD
Asheville Highlanders batting - Pitching for Billings Polar Bears : RHP Mike Orrsborne
Batting: RHB Yves Girard 0-0: Ball
1-0: Called Strike
1-1: Foul Ball, location: 2F
1-2: Ball
2-2: Foul Ball, location: 2F
2-2: Ground out 5-3 (Groundball, 5)
Batting: LHB Govaart Pleijt 0-0: SINGLE (Flyball, 8RS)
Batting: RHB Shane Seim 0-0: Ball
Govaart Pleijt steals 2nd base
1-0: Fly out, F7 (Flyball, 78S)
Batting: LHB Johnny Carter 0-0: Swinging Strike
0-1: Called Strike
0-2: Foul Ball, location: 2F
0-2: Strikes out swinging
Top of the 3rd over - 0 runs, 1 hit, 0 errors, 1 left on base; Asheville 0 - Billings 0
BOTTOM OF THE 3RD
Billings Polar Bears batting - Pitching for Asheville Highlanders : RHP Jacob Petithomme
Batting: RHB Luis Álvarez 0-0: Ball
1-0: Ball
2-0: Ball
3-0: Base on Balls
Batting: SHB Goro Yokoyama 0-0: Ball
1-0: SINGLE (Groundball, 56D)
Luis Álvarez to second
Batting: RHB Corey Dudding 0-0: Called Strike
0-1: Ball
1-1: Ball
Wild Pitch!
Luis Álvarez to third
Goro Yokoyama to second
2-1: Ball
3-1: Called Strike
3-2: Ground out 3-1 (Groundball, 34)
Luis Álvarez scores
Goro Yokoyama to third
Batting: RHB Cody Jaeckel 0-0: 2-RUN HOME RUN (Flyball, 7LD), Distance : 345 ft
Batting: LHB Phil MacNamara 0-0: Called Strike
0-1: Swinging Strike
0-2: Strikes out swinging
Batting: RHB José Ortíz 0-0: Called Strike
0-1: Ground out 5-3 (Groundball, 56)
Bottom of the 3rd over - 3 runs, 2 hits, 0 errors, 0 left on base; Asheville 0 - Billings 3
TOP OF THE 4TH
Asheville Highlanders batting - Pitching for Billings Polar Bears : RHP Mike Orrsborne
Batting: LHB King Rutledge 0-0: Fly out, F9 (Flyball, 9)
Batting: RHB Arnie Taylor 0-0: Fly out, F9 (Flyball, 9LS)
Batting: LHB DeMarvion Overshown 0-0: Ball
1-0: Called Strike
1-1: SINGLE (Groundball, 34) (infield hit)
Batting: RHB Roberto Flores 0-0: Ball
1-0: DOUBLE (Line Drive, 78D)
DeMarvion Overshown to third
Runner from 3rd tries for Home, SAFE, no throw
Batting: RHB Marcos Martínez 0-0: Swinging Strike
0-1: Ball
1-1: Ball
2-1: Ground out 5-3 (Groundball, 5S)
Top of the 4th over - 1 run, 2 hits, 0 errors, 1 left on base; Asheville 1 - Billings 3
BOTTOM OF THE 4TH
Billings Polar Bears batting - Pitching for Asheville Highlanders : RHP Jacob Petithomme
Batting: RHB Patrick Pupovac 0-0: Called Strike
0-1: Hit by Pitch
Batting: RHB Lynwood Dimartínez 0-0: Ball
1-0: Ball
2-0: Ball
3-0: Called Strike
3-1: Swinging Strike
3-2: Foul Ball, location: 2F
3-2: Grounds into double play, 5-4-3 (Groundball, 56)
Batting: RHB Luis Pérez 0-0: Ball
1-0: SINGLE (Line Drive, 6MD)
Batting: RHB Luis Álvarez 0-0: Called Strike
0-1: Ball
Luis Pérez steals 2nd base
1-1: Ball
2-1: Ball
3-1: Called Strike
3-2: Foul Ball, location: 2F
3-2: Base on Balls
Batting: SHB Goro Yokoyama 0-0: Ball
1-0: Ball
2-0: Ball
3-0: Called Strike
3-1: Base on Balls
Luis Pérez to third
Luis Álvarez to second
Batting: RHB Corey Dudding 0-0: Ball
1-0: Fielders Choice at 2nd, 6-4 (Groundball, 6)
Bottom of the 4th over - 0 runs, 1 hit, 0 errors, 3 left on base; Asheville 1 - Billings 3
TOP OF THE 5TH
Asheville Highlanders batting - Pitching for Billings Polar Bears : RHP Mike Orrsborne
Pitching: RHP Roberto Roque
Batting: RHB Yves Girard 0-0: Called Strike
0-1: Ball
1-1: Swinging Strike
1-2: Foul Ball, location: 2F
1-2: Ball
2-2: Foul Ball, location: 2F
2-2: Fly out, F8 (Flyball, 89D)
Batting: LHB Govaart Pleijt 0-0: Called Strike
0-1: Ball
1-1: SINGLE (Groundball, 6MD)
Batting: RHB Shane Seim 0-0: Ball
1-0: Called Strike
1-1: Foul Ball, location: 2F
1-2: Ball
2-2: Foul Ball, location: 2F
2-2: Foul Ball, location: 2F
2-2: Ball
Govaart Pleijt steals 2nd base
3-2: Base on Balls
Batting: LHB Johnny Carter 0-0: Called Strike
0-1: Ball
Govaart Pleijt steals 3rd base
Shane Seim to second
1-1: Foul Ball, location: 2F
1-2: Foul Ball, location: 2F
1-2: Foul Ball, location: 2F
1-2: Fly out, F8 (Flyball, 78D)
Runner from 3rd tags up, SCORES, no throw
Batting: LHB King Rutledge 0-0: Ball
1-0: Fly out, F8 (Flyball, 8RXD)
Top of the 5th over - 1 run, 1 hit, 0 errors, 1 left on base; Asheville 2 - Billings 3
BOTTOM OF THE 5TH
Billings Polar Bears batting - Pitching for Asheville Highlanders : RHP Jacob Petithomme
Batting: RHB Cody Jaeckel 0-0: Ball
1-0: Swinging Strike
1-1: Foul Ball, location: 2F
1-2: Ball
2-2: Ball
3-2: Ground out 6-3 (Groundball, 6)
Batting: LHB Phil MacNamara 0-0: Called Strike
0-1: Ball
1-1: Ground out 6-3 (Groundball, 6)
Batting: RHB José Ortíz 0-0: Called Strike
0-1: Ball
1-1: Fly out, F7 (Flyball, 7LS)
Bottom of the 5th over - 0 runs, 0 hits, 0 errors, 0 left on base; Asheville 2 - Billings 3
TOP OF THE 6TH
Asheville Highlanders batting - Pitching for Billings Polar Bears : RHP Roberto Roque
Batting: RHB Arnie Taylor 0-0: SINGLE (Line Drive, 56)
Batting: LHB DeMarvion Overshown 0-0: Ball
1-0: Foul Ball, location: 2F
1-1: Called Strike
1-2: Fly out, F8 (Flyball, 8RM)
Batting: RHB Roberto Flores 0-0: Called Strike
0-1: Ball
1-1: Swinging Strike
1-2: Strikes out swinging
Batting: RHB Marcos Martínez 0-0: Ball
1-0: Foul Ball, location: 2F
1-1: Swinging Strike
1-2: Ball
2-2: Ball
3-2: Strikes out swinging
Top of the 6th over - 0 runs, 1 hit, 0 errors, 1 left on base; Asheville 2 - Billings 3
BOTTOM OF THE 6TH
Billings Polar Bears batting - Pitching for Asheville Highlanders : RHP Jacob Petithomme
Batting: RHB Patrick Pupovac 0-0: Called Strike
0-1: Ball
1-1: Called Strike
1-2: Foul Ball, location: 2F
1-2: Foul Ball, location: 2F
1-2: Ground out 6-3 (Groundball, 6)
Batting: RHB Lynwood Dimartínez 0-0: Called Strike
0-1: Ball
1-1: SOLO HOME RUN (Flyball, 7D), Distance : 387 ft
Batting: RHB Luis Pérez 0-0: Ball
1-0: Ball
2-0: Called Strike
2-1: Fly out, F7 (Flyball, 7S)
Batting: RHB Luis Álvarez 0-0: Called Strike
0-1: Ball
1-1: Called Strike
1-2: Ground out 6-3 (Groundball, 6)
Bottom of the 6th over - 1 run, 1 hit, 0 errors, 0 left on base; Asheville 2 - Billings 4
TOP OF THE 7TH
Asheville Highlanders batting - Pitching for Billings Polar Bears : RHP Roberto Roque
Batting: RHB Yves Girard 0-0: Called Strike
0-1: Ball
1-1: Ball
2-1: Ball
3-1: Ground out 6-3 (Groundball, 6)
Batting: LHB Govaart Pleijt 0-0: Ball
1-0: SINGLE (Line Drive, 56D)
Batting: RHB Shane Seim 0-0: Called Strike
0-1: Ball
1-1: Ball
2-1: Foul Ball, location: 2F
2-2: Foul Ball, location: 2F
2-2: Hit by Pitch
Govaart Pleijt to second
Batting: LHB Johnny Carter 0-0: Ball
1-0: Called Strike
1-1: Ball
2-1: Swinging Strike
2-2: Foul Ball, location: 2F
2-2: SINGLE (Line Drive, 34)
Govaart Pleijt to third
Shane Seim to second
Runner from 3rd tries for Home, SAFE, no throw
Pitching: RHP Daniel Riley
Batting: LHB King Rutledge 0-0: Called Strike
Throwing error on steal attempt, E2
Shane Seim scores
Johnny Carter to third
0-1: Ball
1-1: SINGLE (Groundball, 3D)
Johnny Carter scores
Batting: RHB Arnie Taylor 0-0: Called Strike
Throwing error on steal attempt, E2
King Rutledge to third
0-1: Ball
1-1: Ball
2-1: Swinging Strike
2-2: Ball
3-2: Base on Balls
Batting: LHB DeMarvion Overshown 0-0: Ball
1-0: SINGLE (Line Drive, 6D)
King Rutledge scores
Arnie Taylor to second
Batting: RHB Roberto Flores 0-0: Fly out, F8 (Flyball, 8LD)
Batting: RHB Marcos Martínez 0-0: SINGLE (Flyball, 89S)
Arnie Taylor to third
DeMarvion Overshown to second
Runner from 3rd tries for Home, SAFE, no throw
Batting: RHB Yves Girard 0-0: Ground out U3 (Groundball, 3S)
Top of the 7th over - 5 runs, 5 hits, 2 errors, 2 left on base; Asheville 7 - Billings 4
BOTTOM OF THE 7TH
Billings Polar Bears batting - Pitching for Asheville Highlanders : RHP Jacob Petithomme
Batting: SHB Goro Yokoyama 0-0: SINGLE (Popup, 4MD)
Batting: RHB Corey Dudding 0-0: Ball
1-0: Ball
2-0: Fly out, F9 (Flyball, 9D)
Batting: RHB Cody Jaeckel 0-0: Grounds into double play, 5-4-3 (Groundball, 56)
Bottom of the 7th over - 0 runs, 1 hit, 0 errors, 0 left on base; Asheville 7 - Billings 4
TOP OF THE 8TH
Asheville Highlanders batting - Pitching for Billings Polar Bears : RHP Daniel Riley
Batting: LHB Govaart Pleijt 0-0: Ball
1-0: Swinging Strike
1-1: Ground out 4-3 (Groundball, 34D)
Batting: RHB Shane Seim 0-0: Foul Ball, location: 2F
0-1: Ball
1-1: Fly out, F7 (Flyball, 7D)
Batting: LHB Johnny Carter 0-0: Ball
1-0: Foul Ball, location: 2F
1-1: Swinging Strike
1-2: Ball
2-2: Strikes out looking
Top of the 8th over - 0 runs, 0 hits, 0 errors, 0 left on base; Asheville 7 - Billings 4
BOTTOM OF THE 8TH
Billings Polar Bears batting - Pitching for Asheville Highlanders : RHP Jacob Petithomme
Pitching: RHP Wayne Quint
Batting: LHB Phil MacNamara 0-0: Called Strike
0-1: Ball
1-1: Ball
2-1: Fly out, F4 (Popup, P)
Batting: RHB José Ortíz 0-0: SINGLE (Flyball, 9LS)
Batting: RHB Patrick Pupovac 0-0: Ball
1-0: Swinging Strike
1-1: Ball
2-1: Foul Ball, location: 2F
2-2: Ball
3-2: Base on Balls
José Ortíz to second
Batting: RHB Lynwood Dimartínez 0-0: Called Strike
0-1: Foul Ball, location: 2F
0-2: Foul Ball, location: 2F
0-2: Ball
1-2: Ball
2-2: Hit by Pitch
José Ortíz to third
Patrick Pupovac to second
Batting: RHB Luis Pérez 0-0: Swinging Strike
0-1: DOUBLE (Line Drive, 78D)
José Ortíz scores
Patrick Pupovac scores
Lynwood Dimartínez to third
Batting: RHB Luis Álvarez 0-0: Ball
1-0: Called Strike
1-1: Foul Ball, location: 2F
1-2: Strikes out swinging
Batting: SHB Goro Yokoyama 0-0: Ground out 5-3 (Groundball, 56)
Bottom of the 8th over - 2 runs, 2 hits, 0 errors, 2 left on base; Asheville 7 - Billings 6
TOP OF THE 9TH
Asheville Highlanders batting - Pitching for Billings Polar Bears : RHP Daniel Riley
Batting: LHB King Rutledge 0-0: Swinging Strike
0-1: DOUBLE (Line Drive, 7LM)
Batting: RHB Arnie Taylor 0-0: Ball
1-0: Foul Ball, location: 2F
1-1: Swinging Strike
1-2: Strikes out looking
Batting: LHB DeMarvion Overshown 0-0: Intentional Walk
Pitching: LHP Igarashi Momoru
Batting: RHB Roberto Flores 0-0: Foul Ball, location: 2F
0-1: Called Strike
0-2: Fly out, F1 (Line Drive, 13S)
Batting: RHB Marcos Martínez 0-0: Foul Ball, location: 2F
0-1: Fielders Choice at 2nd, 6-4 (Groundball, 6)
Top of the 9th over - 0 runs, 1 hit, 0 errors, 2 left on base; Asheville 7 - Billings 6
BOTTOM OF THE 9TH
Billings Polar Bears batting - Pitching for Asheville Highlanders : RHP Wayne Quint
Pitching: LHP Larcena Pennington
Batting: RHB Corey Dudding 0-0: Called Strike
0-1: Swinging Strike
0-2: Strikes out swinging
Batting: RHB Cody Jaeckel 0-0: Called Strike
0-1: Swinging Strike
0-2: Ball
1-2: Ball
2-2: Ball
3-2: Ground out 6-3 (Groundball, 6D)
Batting: LHB Phil MacNamara 0-0: Ball
1-0: Ball
2-0: Called Strike
2-1: Ground out 4-3 (Groundball, 4M)
Bottom of the 9th over - 0 runs, 0 hits, 0 errors, 0 left on base; Asheville 7 - Billings 6
Friday, March 29th, 2019 - OOTP Baseball 18.8 Build 76